 Dungeon Crawl Stone Soup version 0.22-a0-456-g11ed031 (webtiles) character file.

2692 albertz the Grappler (level 9, -2/79 HPs)
             Began as a Ghoul Monk on June 7, 2018.
             Was a Priest of Wu Jian.
             Slain by a two-headed ogre
             ... wielding a +0 giant club
              (17 damage)
             ... on level 6 of the Dungeon on June 8, 2018.
             The game lasted 02:41:58 (9487 turns).

albertz the Grappler (Ghoul Monk)                   Turns: 9487, Time: 02:41:59

Health: -2/79      AC: 10    Str: 18    XL:     9   Next: 65%
Magic:  20/20      EV: 13    Int: 10    God:    Wu Jian [***...]
Gold:   191        SH:  0    Dex: 11    Spells: 12/13 levels left

rFire    . . .     SeeInvis .     - Unarmed
rCold    + . .     Gourm    .   (no shield)
rNeg     + + +     Faith    .   w - +3 ring mail
rPois    ∞         Spirit   .   L - +0 helmet
rElec    .         Reflect  .   (no cloak)
rCorr    +         Harm     .   D - +0 pair of gloves
MR       .....                  (no boots)
Stlth    +++.......             (no amulet)
HPRegen  0.00/turn              j - ring of magical power
MPRegen  0.17/turn              a - ring of resist corrosion

@: brilliant, rotting
A: rotting body, claws 1, carnivore, cold resistance 1, negative energy
resistance 3, inhibited regeneration, torment resistance, unbreathing
a: Wall Jump, Serpent's Lash, Renounce Religion


You were on level 6 of the Dungeon.
You worshipped Wu Jian.
Wu Jian was most pleased with you.
You were hungry.

You visited 2 branches of the dungeon, and saw 9 of its levels.

You collected 371 gold pieces.
You spent 180 gold pieces at shops.

Inventory:

Hand Weapons
 d - a +0 club
 B - a cursed -2 whip
 J - a +0 hunting sling
Missiles
 g - 118 stones
 h - 6 curare-tipped needles
 i - 155 arrows
 n - 15 poisoned needles
 p - 22 bolts
 y - 14 tomahawks (quivered)
 F - 21 sling bullets
Armour
 u - a +0 ring mail
 w - a +3 ring mail (worn)
 x - a cursed -2 robe
 z - a +2 scale mail of fire resistance
 D - a +0 pair of gloves (worn)
 E - a cursed +0 robe
 L - a +0 helmet (worn)
 O - a +1 chain mail of positive energy
Magical Staves
 K - an uncursed staff of poison
Jewellery
 a - a ring of resist corrosion (right hand)
 j - a ring of magical power (left hand)
 m - an uncursed ring of wizardry
 G - an uncursed ring of resist corrosion
 M - an uncursed ring of positive energy {unknown}
Scrolls
 e - 3 scrolls of identify
 f - 3 scrolls of magic mapping
 k - 9 scrolls of remove curse
 o - a scroll of fog {unknown}
 v - a scroll of blinking {unknown}
 A - 2 scrolls of enchant armour {unknown}
 C - 2 scrolls of amnesia {unknown}
 H - a scroll of vulnerability {unknown}
Potions
 c - 3 potions of brilliance
 l - 4 potions of degeneration {unknown}
 q - 3 potions of heal wounds {unknown}
 r - a potion of ambrosia {unknown}
 s - 5 potions of haste {unknown}
 t - 4 potions of curing {unknown}
 I - a potion of resistance {unknown}
Comestibles
 b - 12 rations
 N - 2 chunks of flesh


   Skills:
 + Level 7.6 Fighting
 - Level 6.4 Dodging
 - Level 6.8 Stealth
 + Level 8.0 Unarmed Combat
 + Level 2.5 Spellcasting
 + Level 0.1 Hexes


You had 12 spell levels left.
You knew the following spells:

 Your Spells              Type           Power        Failure   Level  Hunger
a - Corona                Hex            #......      6%          1    ##.....

Your spell library contained the following spells:

 Spells                   Type           Power        Failure   Level  Hunger
 Confuse                  Hex            #.......     16%         3    ####...
 Tukima's Dance           Hex            #.......     16%         3    ####...
 Ensorcelled Hibernation  Hex/Ice        #.....       9%          2    ###....
 Dazzling Spray           Conj/Hex       #.....       16%         3    ####...


Dungeon Overview and Level Annotations

Branches:
Dungeon (8/15)             Temple (1/1) D:4
   Lair: D:8-11

Altars:
Ashenzari
Cheibriados
Dithmenos
Elyvilon
Fedhas
Gozag
Hepliaklqana
Nemelex Xobeh
Okawaru
Qazlal
Ru
Sif Muna
Trog
Vehumet
Wu Jian
Yredelemnul
Zin
The Shining One

Shops:
D:4 [   D:6 [:

Annotations:
D:6 exclusion: player ghost, xccam's ghost, novice DrTm
D:8 Gastronok


Innate Abilities, Weirdness & Mutations

Your body is rotting away.
You thrive on raw meat.
You are immune to poison.
You have sharp fingernails.
You are carnivorous and can eat meat at any time.
Your flesh is cold resistant. (rC+)
You are immune to negative energy. (rN+++)
You do not regenerate when monsters are visible.
You are immune to unholy pain and torment.
You can survive without breathing.


Message History

You hit the two-headed ogre.
The two-headed ogre is heavily wounded.
The two-headed ogre hits you but does no damage.
The two-headed ogre hits you with a giant spiked club!
* * * LOW HITPOINT WARNING * * *
You hit the two-headed ogre.
The two-headed ogre is heavily wounded.
You hit the two-headed ogre.
The two-headed ogre is severely wounded.
The two-headed ogre closely misses you. The two-headed ogre barely misses you.
It was a potion of brilliance.
You feel clever all of a sudden.
The two-headed ogre hits you with a giant club.
* * * LOW HITPOINT WARNING * * *
The two-headed ogre closely misses you.
You hit the two-headed ogre but do no damage.
The two-headed ogre is severely wounded.
You feel less exhausted.
The two-headed ogre hits you with a giant club!
You die...

##.#...### ##........##
...........# #.....O...#
##.#.♣.##.# ############## #
#...##.# ##...##........
#♣∩♣##.# #.....#.########### #
#..#..####.................#
#.##♣........O@...###########.#
#.........####...######## #.#
####....................#####.#
##.....#############........
##...## ######### ##.## ###


You could see a two-headed ogre.

Vanquished Creatures
  The ghost of Tiareth the Magician, a novice DEWz (D:4)
  A hippogriff (D:7)
  2 sky beasts
  A phantom (D:7)
  A necrophage (D:8)
  2 ogres (D:7)
  3 centaurs
  A bullfrog (D:7)
  A gnoll sergeant (D:6)
  2 scorpions
  A howler monkey (D:4)
  4 crimson imps
  5 hounds
  An orc priest (D:5)
  A bullfrog skeleton (D:2)
  7 jellies
  3 centaur skeletons
  4 iguanas
  6 orc wizards
  4 worker ants
  5 gnolls (D:6)
  6 adders
  4 shadow imps
  7 oozes
  An adder skeleton (D:5)
  An adder zombie (D:7)
  A worm (D:3)
  3 leopard geckos
  20 orcs
  A ball python (D:5)
  6 giant cockroaches
  3 hobgoblins
  6 kobolds
  3 quokkas
  7 bats
  4 frilled lizards
  5 goblins
  7 rats
141 creatures vanquished.

Notes
Turn   | Place    | Note
-------+----------+-------------------------------------------
     0 | D:1      | albertz the Ghoul Monk began the quest for the Orb.
     0 | D:1      | Reached XP level 1. HP: 19/19 MP: 0/0
   143 | D:1      | Reached XP level 2. HP: 13/24 MP: 1/1
  1146 | D:1      | Reached XP level 3. HP: 33/33 MP: 2/2
  1420 | D:2      | Reached skill level 4 in Unarmed Combat
  1807 | D:2      | Reached XP level 4. HP: 40/40 MP: 3/3
  1878 | D:2      | Found a shadowy altar of Dithmenos.
  3152 | D:4      | Reached skill level 5 in Unarmed Combat
  3152 | D:4      | Reached XP level 5. HP: 41/46 MP: 4/4
  3317 | D:4      | Found a staircase to the Ecumenical Temple.
  3472 | Temple   | Entered the Ecumenical Temple
  3546 | Temple   | Became a worshipper of the Wu Jian Council
  3546 | Temple   | Reached * piety under Wu Jian
  3546 | Temple   | Reached ** piety under Wu Jian
  3746 | D:4      | Noticed Tiareth's ghost (novice DEWz)
  3772 | D:4      | Reached XP level 6. HP: 42/52 MP: 5/5
  4117 | D:4      | Found Noyxygg's Antique Armour Emporium.
  4433 | D:5      | Entered Level 5 of the Dungeon
  4601 | D:5      | Noticed a sky beast
  4641 | D:5      | Reached XP level 7. HP: 50/60 MP: 6/6
  4805 | D:5      | Reached skill level 6 in Unarmed Combat
  5148 | D:5      | Reached skill level 5 in Fighting
  5232 | D:5      | Reached skill level 5 in Stealth
  5565 | D:5      | Found a deep blue altar of Sif Muna.
  5641 | D:5      | Reached skill level 5 in Dodging
  5641 | D:5      | Reached XP level 8. HP: 67/67 MP: 7/7
  6600 | D:6      | Noticed xccam's ghost (novice DrTm)
  6869 | D:7      | Reached *** piety under Wu Jian
  7376 | D:7      | Reached skill level 7 in Unarmed Combat
  7422 | D:7      | Noticed a hippogriff
  7449 | D:7      | Killed a hippogriff
  7681 | D:7      | Reached XP level 9. HP: 43/78 MP: 8/8
  7861 | D:7      | Found a bloodstained altar of Trog.
  7938 | D:7      | Reached skill level 8 in Unarmed Combat
  7940 | D:7      | Found a glowing silver altar of Zin.
  7942 | D:7      | Found a white marble altar of Elyvilon.
  7943 | D:7      | Found a glowing golden altar of the Shining One.
  7952 | D:7      | Learned a level 1 spell: Corona
  7985 | D:7      | Found a basalt altar of Yredelemnul.
  8147 | D:8      | Reached skill level 1 in Spellcasting
  8338 | D:8      | Found a sacrificial altar of Ru.
  8372 | D:8      | Noticed Gastronok
  8765 | D:4      | Killed Tiareth's ghost
  9389 | D:6      | Found Humyecol's Book Shop.
  9448 | D:6      | Found Caamad's Antique Armour Shoppe.
  9460 | D:6      | Bought a shiny chain mail for 180 gold pieces
  9462 | D:6      | Noticed a two-headed ogre
  9487 | D:6      | Slain by a two-headed ogre

Vault maps used:
D:1:      dpeg_arrival_simpleton_b, st_stairs_4, minmay_misc_feat_pillars
D:2:      nicolae_dithmenos_through_a_glass_darkly, first_ration
D:4:      minmay_temple_entry_grid, serial_shops, shop
D:5:      led_sif_pool, hangedman_decor_opposing, grunt_ministairs_13
D:6:      amethyst_overflow_temple_binary, serial_shops, kennysheep_mini,
          nicolae_shop_trees, nicolae_shop_statue_plus
D:7:      good_gods_temple_1, lemuel_doored_altar, lightli_temple_of_fire
D:8:      hangedman_little_slice_of_home, nicolae_ru_path_of_blood,
          uniq_gastronok
Temple:   cyrus_temple_forest

Skill      XL: |  1  2  3  4  5  6  7  8  9 |
---------------+----------------------------+-----
Unarmed Combat | 4 5 6 7 8 |  8.0
Stealth        | 3 4 5 6 |  6.8
Fighting       | 4 5 6 7 |  7.6
Dodging        | 3 4 5 6 |  6.4
Spellcasting   | 2 |  2.5
Hexes          | |  0.1

Action                   |  1- 3 |  4- 6 |  7- 9 || total
-------------------------+-------+-------+-------++-------
Melee: Unarmed           |    68 |   193 |   422 ||   683
       Punch             |     2 |     6 |    15 ||    23
Throw: Stone             |     7 |    44 |    32 ||    83
       Tomahawk          |       |     3 |    34 ||    37
Invok: Whirlwind         |       |     1 |     9 ||    10
       Wall Jump         |       |     7 |    11 ||    18
       Lunge             |       |     1 |    26 ||    27
       Serpent's Lash    |       |       |     6 ||     6
  Use: Scroll            |       |     6 |     4 ||    10
       Potion            |       |       |     1 ||     1
 Stab: Sleeping          |     3 |     3 |     3 ||     9
  Eat: Chunk             |     3 |     9 |    10 ||    22
       Ration            |       |     1 |     2 ||     3
Armor: Robe              |    12 |     3 |       ||    15
       Ring mail         |       |    27 |   105 ||   132
Dodge: Dodged            |    47 |    95 |   202 ||   344

Table legend:
 A = Spawn XP
 B = Non-spawn XP
 C = Spawn XP percentage of total XP
 D = Spawn monster count
 E = Non-spawn monster count
 F = Spawn count percentage of total count
 G = Total turns spent on level
                    A         B        C        D         E        F      G
               +---------+---------+-------+---------+---------+-------+---------
         Total |       0 |    3846 |   0.0 |       0 |     141 |   0.0 |  9487
               +---------+---------+-------+---------+---------+-------+---------
           D:1 |       0 |      37 |   0.0 |       0 |      19 |   0.0 |  1321
           D:2 |       0 |      50 |   0.0 |       0 |       7 |   0.0 |   954
           D:3 |       0 |      53 |   0.0 |       0 |      19 |   0.0 |   862
           D:4 |       0 |     667 |   0.0 |       0 |      15 |   0.0 |  1452
           D:5 |       0 |     824 |   0.0 |       0 |      24 |   0.0 |  2063
           D:6 |       0 |     332 |   0.0 |       0 |      15 |   0.0 |   883
           D:7 |       0 |    1328 |   0.0 |       0 |      22 |   0.0 |  1255
           D:8 |       0 |     555 |   0.0 |       0 |      20 |   0.0 |   581
               +---------+---------+-------+---------+---------+-------+---------
